Map: Pillars of Gold LE

Players

Heeebster - Winner!

  • Race: Protoss Protoss
  • League: Diamond
  • Spawn Location: 1:00

TronBurnBant

  • Race: Protoss Protoss
  • League: Master
  • Spawn Location: 7:00

VOD

Have the link to the VOD?

Description

Time

  • Played on: Nov. 16, 2020, 1:03 a.m.
  • Length: 2:26
Show
View Real Time Build Order
Export as new Build Order

Heeebster Protoss - Winner!

Build Orders:  

Get SALT Encoding   

  12  0:00  Probe  
  13  0:15  Pylon  
  13  0:17  Probe  
  14  0:30  Probe  
  15  0:36  Gateway  
  15  0:42  Probe (Chrono Boost)  
  16  0:48  Assimilator  
  16  0:51  Probe (Chrono Boost)  
  16  0:54  Assimilator  
  16  0:56  Probe  
  18  1:08  Probe  
  19  1:20  Probe  
  19  1:23  Zealot (Chrono Boost)  
  19  1:24  Cybernetics Core  
  22  2:07  Pylon  
  22  2:17  Shield Battery  
  22  2:18  Shield Battery  
Show
View Real Time Build Order
Export as new Build Order

TronBurnBant Protoss 

Build Orders:  

Get SALT Encoding   

  12  0:00  Probe  
  13  0:12  Probe  
  14  0:18  Pylon  
  14  0:24  Probe (Chrono Boost)  
  15  0:37  Probe (Chrono Boost)  
  15  0:41  Gateway  
  16  0:44  Probe (Chrono Boost)  
  17  0:52  Probe  
  18  1:02  Forge  
  18  1:16  Pylon x2  
  18  1:24  Pylon  
  18  1:37  Photon Cannon  
  18  1:43  Photon Cannon  
  18  2:00  Gateway  
  18  2:08  Photon Cannon  
  18  2:09  Photon Cannon  
  18  2:15  Pylon  
  17  2:21  Photon Cannon  
Tags
 
Matchup
PvP
Replay Pack
Replays
Spawn Locations
Cross Positions
Add a new tag
Caveats
  • Supply blocks, unpowered buildings, or Contaminate may cause inaccurate times.
  • Supply counts are checked every 10 seconds.